[ AOE2 MATCH · #471368856 ]
UnrankedTeutons vs Incas
Player's team · LOSS
[ REPLAY ANALYSIS · EXTRACTED FROM THE RECORDED GAME ]
Feudal
12:47
Castle
16:25
Imperial
37:30
| APM avg | 32.0 |
| APM peak | 72 |
| eAPM avg | 17.3 |
| Villagers / military | 193 / 168 |
Focus
⚔️ 25.9% · 🌾 74.1%
Knight ×145 · Galley ×23 · Fishing Ship ×11 · Unknown (2626) ×3
Feudal
13:41
Castle
17:38
Imperial
42:31
| APM avg | 42.8 |
| APM peak | 95 |
| eAPM avg | 29.7 |
| Villagers / military | 224 / 158 |
Focus
⚔️ 30.8% · 🌾 69.2%
Knight ×143 · Obuch ×14 · Fishing Ship ×14 · Unknown (2626) ×7 · Transport Ship ×1
Feudal
12:59
Castle
17:08
Imperial
33:56
| APM avg | 39.6 |
| APM peak | 67 |
| eAPM avg | 26.5 |
| Villagers / military | 132 / 179 |
Focus
⚔️ 47.2% · 🌾 52.8%
Kamayuk ×135 · Fire Galley ×42 · Unknown (2626) ×41 · Fishing Ship ×17 · Trebuchet (Packed) ×2
Feudal
14:40
Castle
18:15
Imperial
39:03
| APM avg | 44.9 |
| APM peak | 91 |
| eAPM avg | 26.1 |
| Villagers / military | 184 / 246 |
Focus
⚔️ 41.9% · 🌾 58.1%
Militia ×153 · Skirmisher ×63 · Fishing Ship ×21 · Battering Ram ×14 · Unknown (2626) ×8 · Galley ×6
Feudal
13:17
Castle
17:12
Imperial
46:10
| APM avg | 48.3 |
| APM peak | 106 |
| eAPM avg | 21.1 |
| Villagers / military | 150 / 55 |
Focus
⚔️ 40.5% · 🌾 59.5%
Conquistador ×53 · Fishing Ship ×10 · Battering Ram ×2 · Unknown (2626) ×1
Feudal
13:47
Castle
17:21
Imperial
35:18
| APM avg | 42.4 |
| APM peak | 87 |
| eAPM avg | 30.8 |
| Villagers / military | 153 / 211 |
Focus
⚔️ 45.3% · 🌾 54.7%
Chu Ko Nu ×137 · Fire Galley ×31 · Fishing Ship ×23 · Battering Ram ×23 · Monk ×14 · Unknown (2626) ×9
Feudal
15:10
Castle
17:51
Imperial
32:58
| APM avg | 77.2 |
| APM peak | 135 |
| eAPM avg | 42.4 |
| Villagers / military | 212 / 75 |
Focus
⚔️ 31.8% · 🌾 68.2%
Fishing Ship ×39 · Hand Cannoneer ×25 · Unknown (2626) ×24 · Ballista Elephant ×24 · Trebuchet (Packed) ×10 · Scout Cavalry ×7
Feudal
13:28
Castle
16:20
Imperial
31:44
| APM avg | 44.4 |
| APM peak | 77 |
| eAPM avg | 27.5 |
| Villagers / military | 142 / 277 |
Focus
⚔️ 31.4% · 🌾 68.6%
Spearman ×186 · Karambit Warrior ×59 · Fishing Ship ×13 · Monk ×9 · Militia ×9 · Archer ×8
Match map
Initial resources + every placement click. Lines = walls · curves = elevation contours. ◆ gold · ⬟ stone · ● berries · ✦ relic · ◌ wall gap
Inputs per minute
— chrizbee - - LM | MaisterNippon
Build order — chrizbee
First 150 of 442 actions detected
| 0:11 | Build | Town Center |
| 1:01 | Build | Dock |
| 1:03 | Build | House |
| 2:33 | Create | Villager (Male) ×4 |
| 2:33 | Create | Villager (Male) ×4 |
| 3:35 | Create | Fishing Ship |
| 3:35 | Create | Fishing Ship |
| 3:59 | Research | Loom |
| 4:03 | Build | House |
| 4:07 | Create | Villager (Male) |
| 4:08 | Create | Villager (Male) |
| 4:37 | Create | Fishing Ship |
| 4:37 | Create | Fishing Ship |
| 5:07 | Create | Villager (Male) |
| 5:08 | Create | Villager (Male) |
| 5:32 | Create | Villager (Male) |
| 5:32 | Create | Villager (Male) |
| 5:51 | Create | Fishing Ship |
| 5:52 | Create | Fishing Ship |
| 5:56 | Create | Villager (Male) |
| 5:56 | Create | Villager (Male) |
| 5:56 | Create | Villager (Male) |
| 6:18 | Create | Villager (Male) |
| 6:18 | Create | Villager (Male) |
| 6:23 | Build | House |
| 6:49 | Create | Villager (Male) |
| 6:50 | Create | Villager (Male) |
| 6:50 | Create | Villager (Male) |
| 6:54 | Build | House |
| 7:11 | Create | Villager (Male) |
| 7:11 | Create | Villager (Male) |
| 7:15 | Create | Fishing Ship |
| 7:15 | Create | Fishing Ship |
| 7:25 | Create | Villager (Male) |
| 7:25 | Create | Villager (Male) |
| 7:26 | Create | Villager (Male) |
| 7:53 | Build | House |
| 8:05 | Create | Villager (Male) |
| 8:17 | Create | Villager (Male) |
| 8:34 | Create | Fishing Ship |
| 8:34 | Create | Fishing Ship |
| 8:35 | Create | Fishing Ship |
| 8:48 | Create | Villager (Male) |
| 8:52 | Build | House |
| 9:11 | Create | Villager (Male) |
| 9:41 | Build | Mill |
| 9:45 | Create | Villager (Male) |
| 10:07 | Create | Villager (Male) |
| 10:36 | Research | Feudal Age |
| 10:41 | Build | Mining Camp |
| 12:09 | Create | Villager (Male) |
| 12:09 | Create | Villager (Male) |
| 12:47 | Age | Feudal Age |
| 12:48 | Build | Blacksmith |
| 12:55 | Build | Market |
| 13:45 | Research | Castle Age |
| 13:45 | Research | Castle Age |
| 14:04 | Build | Dock |
| 14:49 | Build | Lumber Camp |
| 14:53 | Build | House |
| 15:15 | Create | Unit 2626 |
| 15:16 | Create | Unit 2626 |
| 15:25 | Build | House |
| 15:29 | Create | Villager (Male) |
| 15:48 | Research | Fletching |
| 15:50 | Create | Unit 2626 |
| 15:53 | Create | Galley |
| 15:58 | Build | House |
| 16:01 | Research | Double-Bit Axe |
| 16:17 | Create | Galley |
| 16:25 | Age | Castle Age |
| 16:32 | Create | Galley |
| 16:33 | Create | Galley |
| 16:49 | Create | Galley |
| 16:50 | Create | Villager (Male) |
| 17:09 | Create | Galley |
| 17:20 | Create | Galley |
| 17:21 | Create | Villager (Male) |
| 17:39 | Research | War Galley (upgrade) |
| 17:47 | Create | Villager (Male) |
| 17:49 | Build | House |
| 18:20 | Create | Galley |
| 18:20 | Create | Galley |
| 18:21 | Create | Villager (Male) |
| 18:22 | Create | Villager (Male) |
| 18:39 | Create | Galley |
| 18:58 | Build | Mill |
| 19:08 | Create | Galley |
| 19:14 | Create | Villager (Male) |
| 19:14 | Create | Villager (Male) |
| 19:24 | Create | Galley |
| 19:26 | Create | Villager (Male) |
| 19:44 | Create | Galley |
| 19:45 | Create | Galley |
| 19:46 | Create | Villager (Male) |
| 20:06 | Create | Galley |
| 20:07 | Create | Villager (Male) |
| 20:26 | Create | Galley |
| 20:26 | Create | Galley |
| 21:07 | Create | Villager (Male) |
| 21:08 | Research | Bodkin Arrow |
| 21:09 | Research | Bodkin Arrow |
| 21:48 | Create | Galley |
| 21:48 | Create | Galley |
| 22:00 | Create | Galley |
| 22:00 | Create | Galley |
| 22:12 | Create | Villager (Male) |
| 22:13 | Create | Villager (Male) |
| 22:24 | Build | Town Center |
| 22:40 | Create | Galley |
| 22:40 | Create | Galley |
| 22:58 | Create | Villager (Male) |
| 22:58 | Create | Villager (Male) |
| 23:30 | Create | Villager (Male) |
| 23:31 | Create | Villager (Male) |
| 23:43 | Create | Villager (Male) |
| 24:02 | Build | Town Center |
| 24:04 | Create | Villager (Male) ×3 |
| 24:04 | Create | Villager (Male) ×3 |
| 24:30 | Build | House |
| 24:45 | Create | Villager (Male) |
| 24:51 | Build | Farm |
| 24:53 | Build | Farm |
| 24:55 | Build | Farm |
| 24:57 | Build | Farm |
| 25:00 | Build | House |
| 25:17 | Create | Villager (Male) |
| 25:17 | Create | Villager (Male) |
| 25:39 | Build | Town Center |
| 25:46 | Build | Farm |
| 25:50 | Build | Farm |
| 25:52 | Build | Farm |
| 25:53 | Build | Farm |
| 25:55 | Create | Villager (Male) |
| 25:55 | Create | Villager (Male) |
| 25:59 | Create | Villager (Male) ×2 |
| 26:00 | Create | Villager (Male) ×2 |
| 26:05 | Build | House |
| 26:25 | Create | Villager (Male) |
| 26:25 | Create | Villager (Male) |
| 26:28 | Build | House |
| 26:28 | Build | House |
| 26:29 | Build | House |
| 26:29 | Build | House |
| 26:33 | Build | Farm |
| 26:34 | Build | Farm |
| 26:34 | Build | Farm |
| 26:34 | Build | Farm |
| 26:34 | Build | Farm |
| 26:38 | Create | Villager (Male) |
Build order — LM | MaisterNippon
First 150 of 622 actions detected
| 0:09 | Build | Town Center |
| 1:01 | Build | Dock |
| 1:04 | Build | House |
| 2:31 | Create | Villager (Male) |
| 2:36 | Create | Villager (Male) |
| 2:49 | Create | Villager (Male) |
| 3:02 | Create | Villager (Male) |
| 3:35 | Create | Fishing Ship |
| 4:03 | Create | Villager (Male) |
| 4:12 | Build | House |
| 4:19 | Build | Palisade Wall |
| 4:28 | Research | Loom |
| 4:54 | Create | Fishing Ship |
| 5:08 | Create | Villager (Male) |
| 5:34 | Create | Villager (Male) |
| 5:39 | Create | Fishing Ship |
| 5:58 | Build | House |
| 6:06 | Create | Villager (Male) |
| 6:23 | Create | Villager (Male) |
| 6:50 | Create | Fishing Ship |
| 6:52 | Create | Villager (Male) |
| 7:02 | Create | Villager (Male) |
| 7:17 | Create | Fishing Ship |
| 7:27 | Build | House |
| 7:31 | Create | Villager (Male) |
| 8:04 | Create | Villager (Male) |
| 8:09 | Build | Mill |
| 8:22 | Create | Villager (Male) |
| 8:39 | Create | Villager (Male) |
| 8:41 | Create | Fishing Ship |
| 8:59 | Create | Villager (Male) |
| 9:19 | Create | Villager (Male) |
| 9:26 | Create | Fishing Ship |
| 9:54 | Build | Mining Camp |
| 9:55 | Create | Villager (Male) |
| 10:00 | Create | Villager (Male) |
| 10:02 | Create | Fishing Ship |
| 10:27 | Build | House |
| 10:42 | Create | Fishing Ship |
| 10:57 | Build | Mining Camp |
| 10:59 | Create | Villager (Male) |
| 11:19 | Research | Feudal Age |
| 11:34 | Create | Villager (Male) |
| 11:38 | Build | House |
| 12:06 | Build | Dock |
| 12:21 | Create | Villager (Male) |
| 12:42 | Create | Fishing Ship |
| 12:43 | Create | Fishing Ship |
| 13:41 | Age | Feudal Age |
| 13:44 | Build | Market |
| 14:16 | Build | Blacksmith |
| 14:33 | Create | Villager (Male) |
| 14:55 | Research | Castle Age |
| 14:55 | Research | Castle Age |
| 15:11 | Create | Fishing Ship |
| 15:12 | Create | Fishing Ship |
| 15:17 | Create | Fishing Ship |
| 15:36 | Build | House |
| 15:38 | Build | House |
| 15:43 | Build | Palisade Wall |
| 16:00 | Build | Lumber Camp |
| 16:18 | Build | Stone Wall |
| 16:29 | Create | Villager (Male) |
| 16:46 | Create | Unit 2626 |
| 16:46 | Create | Unit 2626 |
| 17:04 | Build | Stone Wall |
| 17:11 | Build | Stone Wall |
| 17:13 | Build | Stone Wall |
| 17:16 | Build | Stone Wall |
| 17:18 | Build | Stone Wall |
| 17:20 | Build | Stone Wall |
| 17:22 | Build | Palisade Gate |
| 17:31 | Build | Building 487 |
| 17:38 | Age | Castle Age |
| 17:45 | Build | Castle |
| 17:47 | Create | Villager (Male) |
| 17:56 | Create | Villager (Male) |
| 18:10 | Build | Dock |
| 18:12 | Create | Villager (Male) |
| 18:19 | Build | House |
| 18:20 | Create | Villager (Male) |
| 18:30 | Build | Town Center |
| 18:36 | Build | Town Center |
| 18:37 | Research | Double-Bit Axe |
| 18:39 | Research | Horse Collar |
| 18:39 | Create | Villager (Male) |
| 18:50 | Create | Villager (Male) |
| 19:12 | Create | Villager (Male) |
| 19:20 | Create | Villager (Male) |
| 19:28 | Create | Villager (Male) |
| 19:46 | Create | Villager (Male) |
| 20:11 | Build | Stone Wall |
| 20:16 | Build | Stone Wall |
| 20:20 | Build | Stone Wall |
| 20:21 | Create | Villager (Male) |
| 20:25 | Create | Villager (Male) |
| 20:32 | Create | Villager (Male) |
| 20:37 | Build | Town Center |
| 20:43 | Create | Villager (Male) |
| 20:48 | Build | House |
| 20:51 | Create | Villager (Male) |
| 20:55 | Create | Villager (Male) |
| 21:06 | Research | Heavy Plow |
| 21:11 | Build | Watch Tower |
| 21:15 | Create | Villager (Male) |
| 21:18 | Create | Villager (Male) |
| 21:34 | Create | Villager (Male) |
| 21:48 | Create | Villager (Male) |
| 22:04 | Build | Watch Tower |
| 22:10 | Build | Watch Tower |
| 22:10 | Create | Villager (Male) |
| 22:11 | Create | Villager (Male) |
| 22:22 | Create | Villager (Male) |
| 22:37 | Create | Villager (Male) |
| 22:41 | Research | Town Watch |
| 22:42 | Create | Villager (Male) |
| 22:46 | Build | Mill |
| 22:55 | Research | Fletching |
| 22:55 | Create | Villager (Male) |
| 23:08 | Create | Villager (Male) |
| 23:08 | Create | Villager (Male) |
| 23:13 | Create | Villager (Male) |
| 23:15 | Build | Farm |
| 23:15 | Build | Farm |
| 23:16 | Build | Farm |
| 23:17 | Build | Farm |
| 23:28 | Create | Villager (Male) |
| 23:29 | Create | Villager (Male) |
| 23:35 | Create | Villager (Male) |
| 23:35 | Create | Villager (Male) |
| 23:37 | Build | Farm |
| 23:42 | Build | Farm |
| 23:43 | Create | Villager (Male) |
| 24:01 | Create | Villager (Male) |
| 24:11 | Create | Villager (Male) |
| 24:11 | Create | Villager (Male) |
| 24:14 | Build | Farm |
| 24:15 | Build | Farm |
| 24:18 | Build | Farm |
| 24:19 | Build | Farm |
| 24:26 | Build | Stone Wall |
| 24:27 | Create | Villager (Male) |
| 24:28 | Create | Villager (Male) |
| 24:41 | Build | Town Center |
| 24:48 | Create | Villager (Male) |
| 24:55 | Build | Farm |
| 25:02 | Build | Farm |
| 25:02 | Create | Villager (Male) |
| 25:04 | Create | Villager (Male) |
| 25:07 | Create | Villager (Male) |
Build order — 白龍
First 150 of 535 actions detected
| 0:03 | Build | Town Center |
| 0:21 | Build | Dock |
| 0:23 | Build | House |
| 0:30 | Build | House |
| 2:24 | Create | Villager (Male) |
| 2:24 | Create | Villager (Male) |
| 2:24 | Create | Villager (Male) |
| 2:24 | Create | Villager (Male) |
| 3:27 | Create | Fishing Ship |
| 3:46 | Create | Villager (Male) |
| 3:47 | Create | Villager (Male) |
| 4:17 | Create | Villager (Male) |
| 4:53 | Create | Villager (Male) |
| 4:53 | Create | Villager (Male) |
| 4:59 | Create | Fishing Ship |
| 5:13 | Build | House |
| 5:17 | Create | Villager (Male) |
| 5:17 | Create | Villager (Male) |
| 5:41 | Create | Villager (Male) |
| 5:41 | Create | Villager (Male) |
| 5:53 | Create | Fishing Ship |
| 6:09 | Create | Villager (Male) |
| 6:27 | Build | House |
| 6:32 | Build | Palisade Wall |
| 6:35 | Create | Villager (Male) |
| 6:47 | Create | Fishing Ship |
| 7:01 | Create | Villager (Male) |
| 7:01 | Create | Villager (Male) |
| 7:16 | Create | Villager (Male) |
| 7:29 | Create | Fishing Ship |
| 7:46 | Create | Fishing Ship |
| 7:46 | Create | Villager (Male) |
| 8:00 | Create | Villager (Male) |
| 8:16 | Create | Fishing Ship |
| 8:35 | Build | Dock |
| 8:36 | Create | Villager (Male) |
| 8:37 | Create | Villager (Male) |
| 8:48 | Create | Fishing Ship |
| 9:22 | Create | Villager (Male) |
| 9:30 | Create | Fishing Ship |
| 9:31 | Create | Fishing Ship |
| 9:39 | Create | Fishing Ship |
| 9:56 | Create | Villager (Male) |
| 10:08 | Build | Settlement |
| 10:20 | Create | Villager (Male) |
| 10:29 | Create | Fishing Ship |
| 10:49 | Research | Feudal Age |
| 11:14 | Create | Fishing Ship |
| 11:15 | Create | Fishing Ship |
| 12:20 | Create | Villager (Male) |
| 12:53 | Create | Fishing Ship |
| 12:59 | Age | Feudal Age |
| 13:02 | Build | Market |
| 13:04 | Build | Blacksmith |
| 13:06 | Create | Unit 2626 |
| 13:06 | Create | Unit 2626 |
| 13:12 | Create | Villager (Male) |
| 13:21 | Build | Dock |
| 13:39 | Create | Villager (Male) |
| 13:49 | Create | Unit 2626 |
| 14:22 | Create | Unit 2626 |
| 14:28 | Research | Castle Age |
| 14:30 | Create | Unit 2626 |
| 14:40 | Build | House |
| 14:41 | Build | House |
| 14:46 | Create | Unit 2626 |
| 15:06 | Research | Double-Bit Axe |
| 15:14 | Create | Unit 2626 |
| 15:14 | Create | Unit 2626 |
| 15:28 | Build | House |
| 15:33 | Create | Unit 2626 |
| 15:33 | Create | Unit 2626 |
| 15:54 | Create | Unit 2626 |
| 16:02 | Research | Gold Mining |
| 16:16 | Create | Unit 2626 |
| 16:22 | Create | Unit 2626 |
| 16:51 | Create | Unit 2626 |
| 16:51 | Create | Unit 2626 |
| 16:51 | Create | Unit 2626 |
| 17:03 | Create | Villager (Male) |
| 17:08 | Age | Castle Age |
| 17:14 | Research | War Galley (upgrade) |
| 17:20 | Research | Bow Saw |
| 17:26 | Create | Villager (Male) |
| 17:29 | Create | Unit 2626 |
| 17:29 | Create | Unit 2626 |
| 17:33 | Create | Villager (Male) |
| 17:44 | Create | Unit 2626 |
| 17:44 | Create | Unit 2626 |
| 18:02 | Create | Unit 2626 |
| 18:02 | Create | Unit 2626 |
| 18:03 | Create | Villager (Male) |
| 18:20 | Create | Unit 2626 |
| 18:21 | Create | Villager (Male) |
| 18:24 | Research | Gold Shaft Mining |
| 18:29 | Create | Unit 2626 |
| 18:44 | Create | Villager (Male) |
| 18:48 | Create | Fire Galley |
| 18:49 | Create | Fire Galley |
| 18:55 | Create | Fire Galley |
| 18:56 | Create | Fire Galley |
| 19:05 | Create | Unit 2626 |
| 19:05 | Create | Unit 2626 |
| 19:06 | Create | Unit 2626 |
| 19:06 | Create | Unit 2626 |
| 19:11 | Create | Villager (Male) |
| 19:12 | Create | Villager (Male) |
| 19:33 | Create | Unit 2626 |
| 19:33 | Create | Unit 2626 |
| 19:34 | Create | Unit 2626 |
| 19:43 | Build | House |
| 19:43 | Build | House |
| 19:51 | Create | Fire Galley |
| 19:52 | Create | Fire Galley |
| 19:52 | Create | Fire Galley |
| 19:56 | Create | Villager (Male) |
| 20:11 | Research | Wheelbarrow |
| 20:23 | Create | Fire Galley |
| 20:23 | Create | Fire Galley |
| 20:24 | Create | Fire Galley |
| 20:24 | Create | Fire Galley |
| 20:31 | Create | Villager (Male) |
| 20:41 | Build | Town Center |
| 20:51 | Research | Tech 906 |
| 20:59 | Create | Villager (Male) |
| 21:07 | Create | Fire Galley |
| 21:13 | Create | Fire Galley |
| 21:24 | Create | Fire Galley |
| 21:38 | Create | Fire Galley |
| 21:38 | Create | Fire Galley |
| 21:48 | Create | Fire Galley |
| 21:50 | Create | Villager (Male) |
| 21:50 | Create | Villager (Male) |
| 21:55 | Create | Villager (Male) |
| 22:06 | Create | Fire Galley |
| 22:07 | Create | Fire Galley |
| 22:20 | Create | Fire Galley |
| 22:20 | Create | Fire Galley |
| 22:26 | Create | Villager (Male) |
| 22:27 | Create | Villager (Male) |
| 22:33 | Build | Dock |
| 22:44 | Create | Fire Galley |
| 22:44 | Create | Fire Galley |
| 22:44 | Create | Fire Galley |
| 23:03 | Create | Fire Galley |
| 23:03 | Create | Fire Galley |
| 23:07 | Create | Villager (Male) |
| 23:07 | Create | Villager (Male) |
| 23:08 | Create | Villager (Male) |
| 23:10 | Create | Fire Galley |
Build order — LM | kingofthrowing123
First 150 of 572 actions detected
| 0:03 | Build | Town Center |
| 0:38 | Build | Dock |
| 0:52 | Build | House |
| 2:29 | Create | Villager (Male) |
| 2:29 | Create | Villager (Male) |
| 2:29 | Create | Villager (Male) |
| 2:30 | Create | Villager (Male) |
| 3:12 | Create | Villager (Male) |
| 3:42 | Create | Fishing Ship |
| 3:42 | Create | Fishing Ship |
| 3:58 | Build | House |
| 4:03 | Build | Palisade Wall |
| 4:13 | Build | Palisade Wall |
| 4:33 | Research | Loom |
| 4:50 | Create | Villager (Male) |
| 4:51 | Create | Villager (Male) |
| 5:11 | Create | Fishing Ship |
| 5:12 | Create | Villager (Male) |
| 5:12 | Create | Villager (Male) |
| 5:35 | Create | Villager (Male) |
| 5:35 | Create | Villager (Male) |
| 5:54 | Build | House |
| 6:01 | Create | Villager (Male) |
| 6:19 | Create | Fishing Ship |
| 6:19 | Create | Fishing Ship |
| 6:30 | Create | Villager (Male) |
| 6:47 | Create | Fishing Ship |
| 6:56 | Create | Villager (Male) |
| 6:56 | Create | Villager (Male) |
| 7:08 | Create | Villager (Male) |
| 7:12 | Build | House |
| 7:41 | Create | Fishing Ship |
| 7:43 | Build | House |
| 7:46 | Build | House |
| 7:55 | Create | Villager (Male) |
| 7:59 | Create | Villager (Male) |
| 8:00 | Build | House |
| 8:15 | Create | Fishing Ship |
| 8:26 | Create | Villager (Male) |
| 8:27 | Create | Fishing Ship |
| 8:53 | Create | Villager (Male) |
| 8:54 | Build | Dock |
| 9:00 | Create | Fishing Ship |
| 9:00 | Create | Fishing Ship |
| 9:01 | Create | Villager (Male) |
| 9:01 | Create | Villager (Male) |
| 9:33 | Create | Fishing Ship |
| 9:34 | Create | Fishing Ship |
| 9:47 | Create | Fishing Ship |
| 9:47 | Create | Fishing Ship |
| 9:48 | Create | Villager (Male) |
| 9:52 | Build | House |
| 9:53 | Build | House |
| 10:16 | Create | Villager (Male) |
| 10:26 | Create | Fishing Ship |
| 10:27 | Create | Fishing Ship |
| 10:32 | Create | Fishing Ship |
| 10:32 | Create | Fishing Ship |
| 10:49 | Create | Villager (Male) |
| 11:13 | Create | Fishing Ship |
| 11:13 | Create | Fishing Ship |
| 11:15 | Create | Villager (Male) |
| 11:50 | Build | Mining Camp |
| 11:56 | Build | Mill |
| 11:58 | Create | Villager (Male) |
| 12:13 | Research | Feudal Age |
| 12:13 | Research | Feudal Age |
| 12:48 | Build | House |
| 13:30 | Build | Outpost |
| 13:31 | Create | Villager (Male) |
| 13:47 | Build | Outpost |
| 14:09 | Build | Outpost |
| 14:40 | Age | Feudal Age |
| 14:41 | Build | Market |
| 14:42 | Build | Blacksmith |
| 14:44 | Research | Town Watch |
| 15:25 | Build | Palisade Wall |
| 15:27 | Build | Palisade Wall |
| 15:29 | Build | Outpost |
| 15:31 | Build | Palisade Wall |
| 15:35 | Research | Castle Age |
| 15:39 | Research | Tech 906 |
| 15:40 | Create | Unit 2626 |
| 15:40 | Create | Unit 2626 |
| 15:50 | Build | Barracks |
| 16:17 | Build | Outpost |
| 16:24 | Create | Militia |
| 16:25 | Create | Militia |
| 16:25 | Create | Militia |
| 16:26 | Create | Villager (Male) |
| 16:29 | Create | Unit 2626 |
| 16:30 | Create | Unit 2626 |
| 16:33 | Build | House |
| 16:34 | Build | House |
| 16:42 | Create | Galley |
| 16:42 | Create | Galley |
| 16:43 | Create | Galley |
| 16:43 | Create | Galley |
| 16:58 | Create | Galley |
| 17:07 | Research | Fletching |
| 17:16 | Create | Militia |
| 17:28 | Research | Scale Mail Armor |
| 17:58 | Create | Galley |
| 18:01 | Create | Villager (Male) |
| 18:15 | Age | Castle Age |
| 18:27 | Research | War Galley (upgrade) |
| 18:30 | Build | Archery Range |
| 18:34 | Create | Villager (Male) |
| 18:43 | Research | Bodkin Arrow |
| 18:45 | Create | Villager (Male) |
| 19:11 | Create | Villager (Male) |
| 19:12 | Create | Skirmisher |
| 19:13 | Create | Skirmisher |
| 19:13 | Create | Skirmisher |
| 19:19 | Build | Archery Range |
| 19:21 | Create | Villager (Male) |
| 19:42 | Create | Villager (Male) |
| 19:42 | Create | Skirmisher |
| 19:43 | Create | Skirmisher |
| 20:09 | Create | Skirmisher |
| 20:10 | Create | Skirmisher |
| 20:10 | Create | Skirmisher |
| 20:12 | Create | Villager (Male) |
| 20:14 | Build | House |
| 20:15 | Build | House |
| 20:46 | Build | Town Center |
| 20:53 | Create | Fire Galley |
| 20:56 | Create | Unit 2626 |
| 20:56 | Create | Unit 2626 |
| 21:04 | Create | Villager (Male) |
| 21:33 | Create | Unit 2626 |
| 21:33 | Create | Unit 2626 |
| 22:07 | Create | Villager (Male) |
| 22:07 | Create | Villager (Male) |
| 22:08 | Create | Skirmisher |
| 22:08 | Create | Skirmisher |
| 22:09 | Create | Skirmisher |
| 22:13 | Create | Villager (Male) |
| 22:26 | Build | Town Center |
| 22:56 | Research | Elite Skirmisher (upgrade) |
| 22:59 | Create | Skirmisher |
| 22:59 | Create | Skirmisher |
| 23:02 | Create | Villager (Male) |
| 23:02 | Create | Villager (Male) |
| 23:02 | Create | Villager (Male) |
| 23:07 | Create | Villager (Male) |
| 23:28 | Create | Villager (Male) |
| 23:30 | Build | Lumber Camp |
| 23:45 | Create | Villager (Male) |
| 23:49 | Create | Villager (Male) |
Build order — [TNT] KKKFFFFFFCC
First 150 of 316 actions detected
| 0:10 | Build | Town Center |
| 0:35 | Build | Dock |
| 0:39 | Build | House |
| 2:33 | Create | Villager (Male) |
| 2:34 | Create | Villager (Male) |
| 2:34 | Create | Villager (Male) |
| 2:34 | Create | Villager (Male) |
| 3:34 | Create | Villager (Male) |
| 3:35 | Create | Villager (Male) |
| 3:58 | Create | Fishing Ship |
| 3:59 | Create | Fishing Ship |
| 4:23 | Build | House |
| 4:36 | Research | Loom |
| 5:00 | Create | Villager (Male) |
| 5:23 | Create | Fishing Ship |
| 5:27 | Create | Villager (Male) |
| 5:28 | Create | Villager (Male) |
| 5:44 | Build | House |
| 5:55 | Create | Villager (Male) |
| 5:55 | Create | Villager (Male) |
| 6:27 | Create | Villager (Male) |
| 6:27 | Create | Villager (Male) |
| 6:28 | Create | Fishing Ship |
| 6:29 | Create | Fishing Ship |
| 6:45 | Create | Villager (Male) |
| 6:45 | Create | Villager (Male) |
| 7:07 | Create | Villager (Male) |
| 7:07 | Create | Villager (Male) |
| 7:25 | Create | Villager (Male) |
| 7:25 | Create | Villager (Male) |
| 7:28 | Create | Fishing Ship |
| 7:28 | Create | Fishing Ship |
| 7:55 | Build | House |
| 8:02 | Create | Villager (Male) |
| 8:03 | Create | Villager (Male) |
| 8:16 | Create | Fishing Ship |
| 8:26 | Create | Villager (Male) |
| 8:26 | Create | Villager (Male) |
| 8:48 | Create | Fishing Ship |
| 8:51 | Create | Villager (Male) |
| 9:34 | Build | House |
| 9:40 | Create | Villager (Male) |
| 9:44 | Create | Villager (Male) |
| 9:46 | Create | Fishing Ship |
| 9:57 | Build | House |
| 10:10 | Build | Mining Camp |
| 10:35 | Create | Villager (Male) |
| 10:47 | Build | Mill |
| 11:04 | Research | Feudal Age |
| 11:04 | Research | Feudal Age |
| 11:09 | Build | Mining Camp |
| 12:41 | Create | Villager (Male) |
| 13:17 | Age | Feudal Age |
| 13:19 | Build | Market |
| 13:21 | Build | Blacksmith |
| 13:22 | Create | Unit 2626 |
| 13:29 | Create | Villager (Male) |
| 13:30 | Create | Villager (Male) |
| 13:33 | Build | House |
| 13:35 | Build | Palisade Wall |
| 14:17 | Research | Castle Age |
| 15:00 | Create | Villager (Male) |
| 15:49 | Build | Palisade Wall |
| 15:50 | Build | Palisade Wall |
| 16:15 | Build | Dock |
| 16:48 | Build | Lumber Camp |
| 17:12 | Age | Castle Age |
| 17:25 | Build | Castle |
| 17:30 | Build | House |
| 17:36 | Build | House |
| 18:04 | Create | Villager (Male) |
| 18:04 | Create | Villager (Male) |
| 18:42 | Create | Villager (Male) |
| 18:46 | Create | Conquistador |
| 19:00 | Create | Villager (Male) |
| 19:00 | Create | Villager (Male) |
| 19:10 | Build | House |
| 19:17 | Create | Conquistador |
| 19:18 | Create | Villager (Male) |
| 19:26 | Build | Stone Wall |
| 19:34 | Build | Farm |
| 19:35 | Build | Farm |
| 19:35 | Build | Farm |
| 19:57 | Create | Conquistador |
| 19:59 | Create | Villager (Male) |
| 20:06 | Research | Double-Bit Axe |
| 20:14 | Create | Conquistador |
| 20:17 | Create | Villager (Male) |
| 20:44 | Create | Conquistador |
| 20:45 | Create | Villager (Male) |
| 20:45 | Create | Villager (Male) |
| 20:54 | Create | Villager (Male) |
| 20:59 | Create | Conquistador |
| 21:36 | Create | Villager (Male) |
| 21:36 | Create | Villager (Male) |
| 21:37 | Build | Farm |
| 21:38 | Build | Farm |
| 21:39 | Build | Farm |
| 22:00 | Create | Villager (Male) |
| 22:15 | Build | Town Center |
| 22:24 | Create | Conquistador |
| 22:36 | Build | Farm |
| 22:38 | Build | Farm |
| 22:56 | Create | Villager (Male) |
| 23:03 | Create | Villager (Male) |
| 23:10 | Research | Horse Collar |
| 23:11 | Create | Conquistador |
| 23:11 | Create | Conquistador |
| 23:25 | Build | House |
| 23:32 | Create | Conquistador |
| 23:32 | Create | Conquistador |
| 23:39 | Build | Farm |
| 23:40 | Build | Farm |
| 23:40 | Build | Farm |
| 23:43 | Create | Villager (Male) |
| 23:57 | Create | Villager (Male) |
| 23:57 | Create | Villager (Male) |
| 24:16 | Create | Conquistador |
| 24:16 | Create | Conquistador |
| 24:20 | Build | Farm |
| 24:20 | Build | Farm |
| 24:21 | Build | Farm |
| 24:26 | Build | Outpost |
| 24:33 | Create | Villager (Male) |
| 24:34 | Create | Villager (Male) |
| 24:53 | Create | Villager (Male) |
| 24:53 | Create | Villager (Male) |
| 25:00 | Build | Farm |
| 25:01 | Build | Farm |
| 25:02 | Build | Farm |
| 25:07 | Create | Villager (Male) |
| 25:08 | Create | Villager (Male) |
| 25:10 | Create | Villager (Male) |
| 25:28 | Create | Villager (Male) |
| 25:35 | Create | Villager (Male) |
| 25:39 | Build | House |
| 25:53 | Create | Villager (Male) |
| 26:18 | Create | Villager (Male) |
| 26:18 | Create | Villager (Male) |
| 26:25 | Build | Town Center |
| 26:29 | Create | Conquistador |
| 26:30 | Create | Conquistador |
| 26:51 | Create | Villager (Male) |
| 26:56 | Create | Conquistador |
| 27:03 | Research | Padded Archer Armor |
| 27:04 | Create | Conquistador |
| 27:06 | Create | Villager (Male) |
| 27:06 | Create | Villager (Male) |
| 27:33 | Create | Conquistador |
| 27:33 | Create | Conquistador |
Build order — ANKR.ice cream
First 150 of 596 actions detected
| 0:19 | Build | Town Center |
| 1:19 | Build | Dock |
| 2:36 | Research | Loom |
| 3:09 | Create | Villager (Male) |
| 3:32 | Create | Villager (Male) |
| 3:33 | Create | Villager (Male) |
| 3:56 | Create | Villager (Male) |
| 3:56 | Create | Villager (Male) |
| 4:19 | Create | Villager (Male) |
| 4:55 | Create | Villager (Male) |
| 4:56 | Create | Villager (Male) |
| 5:09 | Create | Villager (Male) |
| 5:28 | Create | Fishing Ship |
| 5:38 | Create | Villager (Male) |
| 5:49 | Build | House |
| 6:09 | Create | Villager (Male) |
| 6:09 | Create | Villager (Male) |
| 6:15 | Build | House |
| 6:36 | Create | Fishing Ship |
| 6:40 | Create | Villager (Male) |
| 6:56 | Create | Villager (Male) |
| 7:21 | Create | Fishing Ship |
| 7:22 | Create | Villager (Male) |
| 7:22 | Create | Villager (Male) |
| 7:37 | Create | Fishing Ship |
| 8:02 | Create | Villager (Male) |
| 8:03 | Create | Villager (Male) |
| 8:15 | Create | Fishing Ship |
| 8:27 | Create | Villager (Male) |
| 8:48 | Build | Dock |
| 8:51 | Create | Villager (Male) |
| 8:58 | Build | House |
| 8:59 | Build | House |
| 9:06 | Build | House |
| 9:13 | Create | Villager (Male) |
| 9:14 | Create | Villager (Male) |
| 9:35 | Create | Fishing Ship |
| 9:41 | Build | House |
| 9:43 | Build | Palisade Wall |
| 9:47 | Create | Fishing Ship |
| 9:56 | Build | Palisade Wall |
| 9:58 | Build | Palisade Wall |
| 10:05 | Create | Fishing Ship |
| 10:05 | Create | Fishing Ship |
| 10:07 | Create | Villager (Male) |
| 10:09 | Create | Fishing Ship |
| 10:22 | Create | Fishing Ship |
| 10:22 | Create | Fishing Ship |
| 10:35 | Build | Palisade Wall |
| 10:49 | Build | Palisade Wall |
| 10:58 | Build | Mill |
| 11:08 | Create | Villager (Male) |
| 11:28 | Create | Fishing Ship |
| 11:35 | Research | Feudal Age |
| 12:06 | Build | Palisade Wall |
| 12:09 | Build | Mining Camp |
| 13:03 | Build | Dock |
| 13:07 | Build | Palisade Wall |
| 13:40 | Create | Villager (Male) |
| 13:47 | Age | Feudal Age |
| 13:48 | Build | Palisade Wall |
| 13:53 | Build | Market |
| 13:56 | Build | Blacksmith |
| 14:10 | Research | Town Watch |
| 14:15 | Build | Outpost |
| 14:17 | Create | Villager (Male) |
| 14:20 | Create | Unit 2626 |
| 14:31 | Build | Lumber Camp |
| 14:41 | Research | Castle Age |
| 14:41 | Research | Castle Age |
| 14:54 | Create | Unit 2626 |
| 14:54 | Create | Unit 2626 |
| 14:59 | Build | Outpost |
| 15:04 | Research | Double-Bit Axe |
| 15:04 | Research | Double-Bit Axe |
| 15:27 | Create | Unit 2626 |
| 15:27 | Create | Unit 2626 |
| 15:29 | Create | Villager (Male) |
| 15:38 | Build | Outpost |
| 16:08 | Build | House |
| 16:09 | Build | House |
| 16:12 | Create | Villager (Male) |
| 16:15 | Research | Horse Collar |
| 16:18 | Create | Fishing Ship |
| 16:18 | Create | Fishing Ship |
| 16:19 | Create | Fishing Ship |
| 16:30 | Build | House |
| 16:31 | Build | House |
| 17:16 | Build | House |
| 17:21 | Age | Castle Age |
| 17:28 | Build | Town Center |
| 17:41 | Research | Tech 906 |
| 17:41 | Research | Tech 906 |
| 17:44 | Build | Outpost |
| 17:48 | Create | Villager (Male) |
| 18:08 | Research | War Galley (upgrade) |
| 18:18 | Build | House |
| 18:22 | Create | Villager (Male) |
| 18:24 | Research | Wheelbarrow |
| 18:27 | Create | Villager (Male) |
| 18:47 | Create | Unit 2626 |
| 18:47 | Create | Unit 2626 |
| 18:47 | Create | Unit 2626 |
| 18:47 | Create | Unit 2626 |
| 18:56 | Create | Fire Galley |
| 18:57 | Create | Fire Galley |
| 18:57 | Create | Fire Galley |
| 18:57 | Create | Fire Galley |
| 18:58 | Create | Fire Galley |
| 18:58 | Create | Fire Galley |
| 19:04 | Create | Villager (Male) |
| 19:04 | Create | Villager (Male) |
| 19:08 | Create | Villager (Male) |
| 19:08 | Create | Villager (Male) |
| 19:14 | Create | Fire Galley |
| 19:14 | Create | Fire Galley |
| 19:16 | Create | Villager (Male) |
| 19:18 | Build | Outpost |
| 19:20 | Build | House |
| 19:32 | Create | Fire Galley |
| 19:33 | Create | Fire Galley |
| 19:35 | Create | Villager (Male) |
| 19:52 | Create | Fire Galley ×2 |
| 19:52 | Create | Fire Galley ×2 |
| 20:03 | Create | Fire Galley |
| 20:03 | Create | Fire Galley |
| 20:09 | Research | Gold Mining |
| 20:09 | Research | Gold Mining |
| 20:10 | Create | Villager (Male) |
| 20:10 | Create | Villager (Male) |
| 20:10 | Create | Villager (Male) |
| 20:21 | Create | Fire Galley |
| 20:21 | Create | Fire Galley |
| 20:30 | Create | Villager (Male) |
| 20:30 | Create | Villager (Male) |
| 20:49 | Create | Villager (Male) |
| 20:52 | Build | University |
| 20:57 | Create | Fire Galley |
| 20:57 | Create | Fire Galley |
| 21:03 | Research | Bow Saw |
| 21:04 | Research | Bow Saw |
| 21:18 | Create | Fire Galley |
| 21:22 | Create | Villager (Male) |
| 21:22 | Create | Villager (Male) |
| 21:37 | Create | Fire Galley ×2 |
| 21:50 | Research | Tech 908 |
| 21:50 | Research | Tech 908 |
| 21:54 | Create | Fire Galley ×2 |
| 21:54 | Create | Fire Galley ×2 |
| 22:02 | Create | Villager (Male) |
Build order — NOC | Terz
First 150 of 511 actions detected
| 0:19 | Build | Town Center |
| 1:01 | Build | Dock |
| 2:26 | Build | House |
| 2:32 | Create | Villager (Male) |
| 2:32 | Create | Villager (Male) |
| 3:04 | Create | Villager (Male) |
| 3:26 | Create | Villager (Male) |
| 3:26 | Create | Villager (Male) |
| 3:51 | Create | Fishing Ship |
| 3:53 | Create | Villager (Male) |
| 4:25 | Build | House |
| 4:40 | Create | Villager (Male) |
| 4:40 | Create | Villager (Male) |
| 5:04 | Create | Villager (Male) |
| 5:04 | Create | Villager (Male) |
| 5:22 | Create | Villager (Male) |
| 5:23 | Create | Villager (Male) |
| 5:24 | Build | House |
| 5:47 | Create | Fishing Ship |
| 5:47 | Create | Fishing Ship |
| 5:48 | Create | Villager (Male) |
| 5:48 | Create | Villager (Male) |
| 6:09 | Create | Villager (Male) |
| 6:09 | Create | Villager (Male) |
| 6:31 | Create | Villager (Male) |
| 6:32 | Create | Villager (Male) |
| 6:36 | Create | Fishing Ship |
| 6:37 | Create | Fishing Ship |
| 6:54 | Create | Villager (Male) |
| 7:05 | Build | House |
| 7:07 | Build | House |
| 7:14 | Create | Fishing Ship |
| 7:14 | Create | Fishing Ship |
| 7:24 | Create | Villager (Male) |
| 7:25 | Create | Villager (Male) |
| 7:43 | Create | Fishing Ship |
| 7:46 | Create | Villager (Male) |
| 8:16 | Create | Villager (Male) |
| 8:16 | Create | Villager (Male) |
| 8:21 | Build | Dock |
| 8:44 | Create | Fishing Ship |
| 8:47 | Create | Villager (Male) |
| 8:47 | Create | Villager (Male) |
| 9:03 | Create | Fishing Ship |
| 9:03 | Create | Fishing Ship |
| 9:06 | Create | Fishing Ship |
| 9:11 | Create | Villager (Male) |
| 9:18 | Build | House |
| 9:28 | Create | Villager (Male) |
| 9:29 | Create | Fishing Ship |
| 9:34 | Create | Fishing Ship |
| 9:46 | Build | House |
| 9:51 | Create | Villager (Male) |
| 10:05 | Build | House |
| 10:09 | Create | Fishing Ship |
| 10:09 | Create | Fishing Ship |
| 10:11 | Create | Villager (Male) |
| 10:31 | Create | Fishing Ship |
| 10:31 | Create | Fishing Ship |
| 10:37 | Create | Villager (Male) |
| 10:52 | Create | Fishing Ship |
| 10:52 | Create | Fishing Ship |
| 10:55 | Create | Villager (Male) |
| 11:03 | Create | Fishing Ship |
| 11:03 | Create | Fishing Ship |
| 11:18 | Create | Fishing Ship |
| 11:18 | Create | Fishing Ship |
| 11:22 | Create | Villager (Male) |
| 11:37 | Create | Fishing Ship |
| 11:41 | Build | House |
| 11:58 | Create | Fishing Ship |
| 12:00 | Create | Villager (Male) |
| 12:17 | Build | Lumber Camp |
| 12:21 | Create | Fishing Ship |
| 12:21 | Create | Fishing Ship |
| 12:29 | Create | Villager (Male) |
| 12:31 | Create | Fishing Ship |
| 12:31 | Create | Fishing Ship |
| 12:51 | Build | Mining Camp |
| 12:57 | Build | Mining Camp |
| 13:00 | Research | Feudal Age |
| 13:00 | Research | Feudal Age |
| 13:05 | Research | Loom |
| 13:07 | Create | Fishing Ship |
| 13:28 | Build | Mining Camp |
| 13:43 | Create | Fishing Ship |
| 13:43 | Create | Fishing Ship |
| 13:59 | Build | House |
| 14:00 | Build | House |
| 15:10 | Age | Feudal Age |
| 15:11 | Research | Castle Age |
| 15:11 | Research | Castle Age |
| 15:15 | Research | Double-Bit Axe |
| 15:15 | Research | Double-Bit Axe |
| 15:19 | Research | Tech 906 |
| 15:19 | Research | Tech 906 |
| 15:21 | Create | Unit 2626 |
| 15:22 | Create | Unit 2626 |
| 15:23 | Create | Unit 2626 |
| 15:23 | Create | Unit 2626 |
| 15:46 | Research | Loom |
| 15:54 | Build | House |
| 16:08 | Research | Gold Mining |
| 16:09 | Research | Gold Mining |
| 16:15 | Create | Unit 2626 |
| 16:15 | Create | Unit 2626 |
| 16:42 | Create | Unit 2626 |
| 16:42 | Create | Unit 2626 |
| 17:03 | Create | Unit 2626 |
| 17:04 | Create | Unit 2626 |
| 17:12 | Build | Dock |
| 17:51 | Age | Castle Age |
| 17:54 | Create | Villager (Male) |
| 18:00 | Research | Gillnets |
| 18:01 | Research | Gillnets |
| 18:01 | Research | Bow Saw |
| 18:01 | Research | Bow Saw |
| 18:20 | Build | Castle |
| 18:22 | Create | Villager (Male) |
| 18:31 | Build | Monastery |
| 18:33 | Create | Unit 2626 |
| 18:33 | Create | Unit 2626 |
| 19:01 | Create | Villager (Male) |
| 19:28 | Research | War Galley (upgrade) |
| 19:28 | Research | War Galley (upgrade) |
| 19:30 | Create | Villager (Male) |
| 19:30 | Create | Villager (Male) |
| 19:31 | Create | Villager (Male) |
| 19:32 | Create | Ballista Elephant |
| 19:33 | Create | Ballista Elephant |
| 20:00 | Create | Ballista Elephant |
| 20:02 | Create | Villager (Male) |
| 20:07 | Create | Monk |
| 20:10 | Build | House |
| 20:23 | Create | Fishing Ship |
| 20:24 | Create | Fishing Ship |
| 20:32 | Create | Villager (Male) |
| 20:37 | Create | Ballista Elephant |
| 20:57 | Create | Ballista Elephant |
| 21:07 | Build | Town Center |
| 21:16 | Create | Villager (Male) |
| 21:18 | Build | House |
| 21:22 | Create | Ballista Elephant |
| 21:23 | Create | Villager (Male) |
| 21:35 | Create | Villager (Male) |
| 21:41 | Build | Dock |
| 21:47 | Create | Ballista Elephant |
| 21:53 | Build | House |
| 21:53 | Build | House |
| 22:08 | Create | Villager (Male) |
Build order — [TNT] RT_ego
First 150 of 449 actions detected
| 0:09 | Build | Town Center |
| 1:17 | Build | Dock |
| 1:18 | Build | House |
| 2:35 | Create | Villager (Male) |
| 2:36 | Create | Villager (Male) |
| 2:36 | Create | Villager (Male) |
| 2:36 | Create | Villager (Male) |
| 2:36 | Create | Villager (Male) |
| 3:39 | Create | Fishing Ship |
| 4:10 | Create | Villager (Male) |
| 4:11 | Create | Villager (Male) |
| 4:31 | Create | Villager (Male) |
| 4:33 | Build | House |
| 5:02 | Create | Villager (Male) |
| 5:22 | Create | Villager (Male) |
| 5:36 | Create | Fishing Ship |
| 5:36 | Create | Fishing Ship |
| 5:49 | Build | House |
| 5:51 | Create | Villager (Male) |
| 6:15 | Create | Villager (Male) |
| 6:30 | Create | Fishing Ship |
| 6:35 | Create | Villager (Male) |
| 7:04 | Create | Villager (Male) |
| 7:05 | Create | Fishing Ship |
| 7:26 | Build | House |
| 7:30 | Create | Villager (Male) |
| 7:44 | Create | Villager (Male) |
| 7:56 | Create | Fishing Ship |
| 7:59 | Build | House |
| 8:23 | Create | Villager (Male) |
| 8:26 | Create | Fishing Ship |
| 8:43 | Create | Villager (Male) |
| 9:06 | Create | Villager (Male) |
| 9:11 | Create | Fishing Ship |
| 9:16 | Build | House |
| 9:35 | Create | Villager (Male) |
| 9:37 | Create | Villager (Male) |
| 9:40 | Create | Villager (Male) |
| 10:00 | Create | Villager (Male) |
| 10:02 | Create | Fishing Ship |
| 10:13 | Build | Mill |
| 10:14 | Create | Villager (Male) |
| 10:20 | Create | Villager (Male) |
| 10:23 | Create | Villager (Male) |
| 10:54 | Create | Villager (Male) |
| 11:10 | Create | Villager (Male) |
| 11:31 | Research | Loom |
| 11:32 | Build | Palisade Wall |
| 11:41 | Research | Feudal Age |
| 11:52 | Build | Mining Camp |
| 12:38 | Build | House |
| 12:39 | Build | Palisade Wall |
| 12:46 | Build | House |
| 12:54 | Build | House |
| 13:06 | Create | Villager (Male) |
| 13:06 | Create | Villager (Male) |
| 13:13 | Build | House |
| 13:28 | Age | Feudal Age |
| 13:44 | Create | Villager (Male) |
| 13:52 | Build | Market |
| 13:56 | Build | Blacksmith |
| 14:40 | Build | Palisade Gate |
| 14:40 | Research | Castle Age |
| 14:46 | Create | Villager (Male) |
| 15:01 | Build | Mining Camp |
| 15:19 | Build | Lumber Camp |
| 15:58 | Create | Villager (Male) |
| 16:14 | Build | Palisade Wall |
| 16:16 | Build | Palisade Wall |
| 16:20 | Age | Castle Age |
| 16:21 | Research | Double-Bit Axe |
| 16:22 | Create | Villager (Male) |
| 16:45 | Build | Dock |
| 16:58 | Create | Villager (Male) |
| 17:12 | Research | Bow Saw |
| 17:26 | Build | House |
| 17:31 | Create | Villager (Male) |
| 17:38 | Create | Fishing Ship |
| 17:48 | Create | Villager (Male) |
| 17:50 | Build | House |
| 18:09 | Build | Mill |
| 18:31 | Create | Fishing Ship |
| 18:31 | Create | Fishing Ship |
| 18:33 | Create | Villager (Male) |
| 18:43 | Build | Castle |
| 18:46 | Create | Villager (Male) |
| 19:15 | Create | Villager (Male) |
| 19:32 | Build | Town Center |
| 19:40 | Research | Town Watch |
| 19:43 | Create | Villager (Male) |
| 19:49 | Build | House |
| 19:53 | Create | Villager (Male) |
| 19:56 | Build | House |
| 19:56 | Build | House |
| 19:57 | Build | House |
| 20:14 | Research | Gold Mining |
| 20:31 | Create | Karambit Warrior |
| 20:31 | Create | Karambit Warrior |
| 20:33 | Create | Karambit Warrior |
| 20:41 | Create | Villager (Male) |
| 20:48 | Research | Wheelbarrow |
| 20:54 | Build | Monastery |
| 21:06 | Create | Villager (Male) |
| 21:09 | Build | Monastery |
| 21:12 | Create | Karambit Warrior |
| 21:12 | Create | Karambit Warrior |
| 21:12 | Create | Karambit Warrior |
| 21:18 | Create | Monk |
| 21:31 | Create | Monk |
| 21:34 | Create | Villager (Male) |
| 21:37 | Create | Villager (Male) |
| 21:50 | Build | Town Center |
| 21:55 | Create | Villager (Male) |
| 21:55 | Create | Villager (Male) |
| 22:00 | Create | Fishing Ship |
| 22:17 | Create | Villager (Male) |
| 22:33 | Create | Villager (Male) |
| 22:50 | Research | War Galley (upgrade) |
| 22:50 | Research | War Galley (upgrade) |
| 22:54 | Create | Unit 2626 |
| 22:54 | Create | Unit 2626 |
| 23:04 | Create | Villager (Male) |
| 23:05 | Create | Villager (Male) |
| 23:14 | Research | Sanctity |
| 23:18 | Create | Villager (Male) |
| 23:23 | Create | Villager (Male) |
| 23:32 | Create | Villager (Male) |
| 23:51 | Create | Villager (Male) |
| 23:52 | Create | Villager (Male) |
| 23:53 | Create | Villager (Male) |
| 23:53 | Create | Villager (Male) |
| 24:01 | Build | Outpost |
| 24:06 | Research | Horse Collar |
| 24:09 | Create | Villager (Male) |
| 24:10 | Create | Villager (Male) |
| 24:10 | Create | Villager (Male) |
| 24:11 | Create | Villager (Male) |
| 24:18 | Build | Farm |
| 24:18 | Build | Farm |
| 24:18 | Build | Farm |
| 24:18 | Build | Farm |
| 24:18 | Build | Farm |
| 24:19 | Build | Farm |
| 24:19 | Build | Farm |
| 24:19 | Build | Farm |
| 24:23 | Build | Farm |
| 24:23 | Build | Farm |
| 24:23 | Build | Farm |
| 24:27 | Build | Farm |
| 24:27 | Build | Farm |
Match timeline
| 0:21 | 白龍 · first_building Dock |
| 0:35 | [TNT] KKKFFFFFFCC · first_building Dock |
| 0:38 | LM | kingofthrowing123 · first_building Dock |
| 1:01 | LM | MaisterNippon · first_building Dock |
| 1:01 | chrizbee · first_building Dock |
| 1:01 | NOC | Terz · first_building Dock |
| 1:17 | [TNT] RT_ego · first_building Dock |
| 1:19 | ANKR.ice cream · first_building Dock |
| 4:03 | LM | kingofthrowing123 · wall_segment Palisade Wall x1 |
| 4:13 | LM | kingofthrowing123 · wall_segment Palisade Wall x1 |
| 4:19 | LM | MaisterNippon · wall_segment Palisade Wall x1 |
| 6:32 | 白龍 · wall_segment Palisade Wall x2 |
| 9:43 | ANKR.ice cream · wall_segment Palisade Wall x1 |
| 9:56 | ANKR.ice cream · wall_segment Palisade Wall x1 |
| 9:58 | ANKR.ice cream · wall_segment Palisade Wall x4 |
| 10:35 | ANKR.ice cream · wall_segment Palisade Wall x16 |
| 10:49 | ANKR.ice cream · wall_segment Palisade Wall x5 |
| 11:32 | [TNT] RT_ego · wall_segment Palisade Wall x1 |
| 12:06 | ANKR.ice cream · wall_segment Palisade Wall x6 |
| 12:39 | [TNT] RT_ego · wall_segment Palisade Wall x1 |
| 12:47 | chrizbee · age_up feudal |
| 12:59 | 白龍 · age_up feudal |
| 13:07 | ANKR.ice cream · wall_segment Palisade Wall x1 |
| 13:17 | [TNT] KKKFFFFFFCC · age_up feudal |
| 13:28 | [TNT] RT_ego · age_up feudal |
| 13:35 | [TNT] KKKFFFFFFCC · wall_segment Palisade Wall x5 |
| 13:41 | LM | MaisterNippon · age_up feudal |
| 13:47 | ANKR.ice cream · age_up feudal |
| 13:48 | ANKR.ice cream · wall_segment Palisade Wall x1 |
| 13:56 | 白龍 · first_market_buy 100 food |
| 13:57 | 白龍 · first_market_sell 100 wood |
| 14:40 | LM | kingofthrowing123 · age_up feudal |
| 15:10 | NOC | Terz · age_up feudal |
| 15:25 | LM | kingofthrowing123 · wall_segment Palisade Wall x1 |
| 15:27 | LM | kingofthrowing123 · wall_segment Palisade Wall x1 |
| 15:31 | LM | kingofthrowing123 · wall_segment Palisade Wall x1 |
| 15:43 | LM | MaisterNippon · wall_segment Palisade Wall x1 |
| 15:49 | [TNT] KKKFFFFFFCC · wall_segment Palisade Wall x1 |
| 15:50 | [TNT] KKKFFFFFFCC · wall_segment Palisade Wall x1 |
| 15:50 | LM | kingofthrowing123 · first_building Barracks |
| 15:58 | LM | MaisterNippon · first_market_buy 100 wood |
| 16:14 | [TNT] RT_ego · wall_segment Palisade Wall x1 |
| 16:16 | [TNT] RT_ego · wall_segment Palisade Wall x1 |
| 16:18 | LM | MaisterNippon · wall_segment Stone Wall x6 |
| 16:20 | [TNT] RT_ego · age_up castle |
| 16:23 | LM | kingofthrowing123 · first_market_sell 100 food |
| 16:25 | chrizbee · age_up castle |
| 16:38 | [TNT] RT_ego · first_market_buy 100 wood |
| 17:04 | LM | MaisterNippon · wall_segment Stone Wall x1 |
| 17:08 | 白龍 · age_up castle |
| 17:11 | LM | MaisterNippon · wall_segment Stone Wall x1 |
| 17:12 | [TNT] KKKFFFFFFCC · age_up castle |
| 17:13 | LM | MaisterNippon · wall_segment Stone Wall x1 |
| 17:14 | [TNT] KKKFFFFFFCC · first_market_sell 100 wood |
| 17:16 | LM | MaisterNippon · wall_segment Stone Wall x1 |
| 17:16 | [TNT] KKKFFFFFFCC · first_market_buy 100 stone |
| 17:18 | LM | MaisterNippon · wall_segment Stone Wall x1 |
| 17:20 | LM | MaisterNippon · wall_segment Stone Wall x1 |
| 17:21 | ANKR.ice cream · age_up castle |
| 17:25 | [TNT] KKKFFFFFFCC · first_building Castle |
| 17:38 | LM | MaisterNippon · age_up castle |
| 17:38 | chrizbee · first_market_sell 100 wood |
| 17:45 | LM | MaisterNippon · first_building Castle |
| 17:51 | NOC | Terz · age_up castle |
| 18:15 | LM | kingofthrowing123 · age_up castle |
| 18:20 | NOC | Terz · first_building Castle |
| 18:24 | LM | MaisterNippon · first_market_sell 100 food |
| 18:29 | ANKR.ice cream · first_market_buy 100 wood |
| 18:30 | LM | kingofthrowing123 · first_building Archery Range |
| 18:31 | NOC | Terz · first_building Monastery |
| 18:43 | [TNT] RT_ego · first_building Castle |
| 18:48 | chrizbee · first_market_buy 100 food |
| 19:26 | [TNT] KKKFFFFFFCC · wall_segment Stone Wall x5 |
| 20:11 | LM | MaisterNippon · wall_segment Stone Wall x1 |
| 20:16 | LM | MaisterNippon · wall_segment Stone Wall x1 |
| 20:20 | LM | MaisterNippon · wall_segment Stone Wall x1 |
| 20:39 | LM | kingofthrowing123 · first_market_buy 100 wood |
| 20:54 | [TNT] RT_ego · first_building Monastery |
| 22:20 | ANKR.ice cream · first_building Monastery |
| 22:36 | NOC | Terz · wall_segment Palisade Wall x1 |
| 22:37 | NOC | Terz · wall_segment Palisade Wall x1 |
| 22:39 | NOC | Terz · wall_segment Palisade Wall x1 |
| 22:40 | NOC | Terz · wall_segment Palisade Wall x1 |
| 22:46 | NOC | Terz · wall_segment Palisade Wall x1 |
| 22:58 | NOC | Terz · first_building Siege Workshop |
| 23:11 | [TNT] RT_ego · first_market_sell 500 food |
| 24:21 | 白龍 · wall_segment Palisade Wall x2 |
| 24:25 | 白龍 · wall_segment Palisade Wall x3 |
| 24:26 | 白龍 · wall_segment Palisade Wall x3 |
| 24:26 | LM | MaisterNippon · wall_segment Stone Wall x1 |
| 24:29 | 白龍 · wall_segment Palisade Wall x3 |
| 24:30 | 白龍 · wall_segment Palisade Wall x3 |
| 24:57 | 白龍 · wall_segment Palisade Wall x1 |
| 26:36 | LM | MaisterNippon · first_building Barracks |
| 27:37 | LM | MaisterNippon · first_building Stable |
| 27:50 | ANKR.ice cream · first_building Castle |
| 28:20 | NOC | Terz · first_building Stable |
| 30:00 | 白龍 · first_building Monastery |
| 31:31 | ANKR.ice cream · first_building Siege Workshop |
| 31:34 | LM | MaisterNippon · wall_segment Stone Wall x2 |
| 31:44 | [TNT] RT_ego · age_up imperial |
| 31:47 | [TNT] RT_ego · first_building Barracks |
| 32:25 | LM | kingofthrowing123 · first_building Krepost |
| 32:25 | chrizbee · first_building Barracks |
| 32:40 | 白龍 · first_building Castle |
| 32:48 | ANKR.ice cream · wall_segment Stone Wall x8 |
| 32:57 | NOC | Terz · first_market_buy 100 food |
| 32:58 | NOC | Terz · age_up imperial |
| 33:05 | ANKR.ice cream · wall_segment Stone Wall x3 |
| 33:05 | ANKR.ice cream · wall_segment Stone Wall x1 |
| 33:06 | ANKR.ice cream · wall_segment Stone Wall x1 |
| 33:11 | ANKR.ice cream · wall_segment Stone Wall x1 |
| 33:12 | ANKR.ice cream · wall_segment Stone Wall x1 |
| 33:13 | ANKR.ice cream · wall_segment Stone Wall x1 |
| 33:14 | ANKR.ice cream · wall_segment Stone Wall x1 |
| 33:26 | chrizbee · first_building Stable |
| 33:29 | 白龍 · first_building Barracks |
| 33:38 | chrizbee · first_building Monastery |
| 33:46 | ANKR.ice cream · first_market_sell 100 wood |
| 33:47 | [TNT] RT_ego · wall_segment Stone Wall x1 |
| 33:56 | 白龍 · age_up imperial |
| 34:04 | [TNT] KKKFFFFFFCC · first_building Siege Workshop |
| 35:04 | ANKR.ice cream · wall_segment Stone Wall x7 |
| 35:15 | LM | kingofthrowing123 · first_building Siege Workshop |
| 35:18 | ANKR.ice cream · age_up imperial |
| 35:29 | ANKR.ice cream · wall_segment Stone Wall x1 |
| 35:31 | ANKR.ice cream · wall_segment Stone Wall x1 |
| 35:32 | ANKR.ice cream · wall_segment Stone Wall x1 |
| 36:59 | LM | MaisterNippon · wall_segment Stone Wall x1 |
| 37:03 | LM | MaisterNippon · wall_segment Stone Wall x1 |
| 37:05 | LM | MaisterNippon · wall_segment Stone Wall x2 |
| 37:15 | LM | MaisterNippon · wall_segment Stone Wall x7 |
| 37:30 | chrizbee · age_up imperial |
| 37:40 | NOC | Terz · first_building Barracks |
| 38:17 | NOC | Terz · first_building Archery Range |
| 38:31 | ANKR.ice cream · first_building Barracks |
| 39:00 | LM | MaisterNippon · wall_segment Stone Wall x1 |
| 39:03 | LM | kingofthrowing123 · age_up imperial |
| 39:25 | LM | kingofthrowing123 · wall_segment Palisade Wall x1 |
| 39:51 | LM | kingofthrowing123 · first_building Castle |
| 40:59 | ANKR.ice cream · first_building Archery Range |
| 41:56 | [TNT] RT_ego · first_building Archery Range |
| 42:31 | LM | MaisterNippon · age_up imperial |
| 42:57 | [TNT] RT_ego · wall_segment Stone Wall x1 |
| 42:59 | [TNT] RT_ego · wall_segment Stone Wall x1 |
| 43:02 | [TNT] RT_ego · wall_segment Stone Wall x1 |
| 43:02 | [TNT] RT_ego · wall_segment Stone Wall x1 |
| 45:38 | LM | MaisterNippon · wall_segment Stone Wall x1 |
| 46:01 | NOC | Terz · resign |
| 46:10 | [TNT] KKKFFFFFFCC · age_up imperial |
[ AI ANALYSIS · 1 CREDIT ]
What really happened in this match?
Wolo.gg analyzes every decision: build order, eco, micro, common mistakes by bracket. Personalized analysis on WhatsApp or Discord in 30 seconds.
Civ guide
Teutons
Perfil
Jugador #246114